 Dungeon Crawl Stone Soup version 0.20.0-10-g0535bb4 (console) character file.

94 removed the Gusty (level 4, -1/31 HPs)
             Began as a Halfling Air Elementalist on June 6, 2017.
             Slain by an orc
             ... wielding a +0 hand axe
              (2 damage)
             ... on level 4 of the Dungeon.
             The game lasted 00:05:11 (2904 turns).

removed the Gusty (Halfling Air Elementalist)       Turns: 2904, Time: 00:05:11

Health: -1/31      AC:  2    Str:  9    XL:     4   Next: 94%
Magic:  6/6        EV: 15    Int: 13    God:
Gold:   118        SH:  0    Dex: 15    Spells: 4/6 levels left

rFire    . . .     SeeInvis .   a - +0 whip (pain)
rCold    . . .     Gourm    .   (shield restricted)
rNeg     . . .     Faith    .   r - +0 robe
rPois    +         Spirit   .   (no helmet)
rElec    .         Reflect  .   (no cloak)
rCorr    .         Harm     .   (no gloves)
MR       .....                  (no boots)
Stlth    ++........             (no amulet)
Regen    0.1/turn               e - ring of poison resistance
MPRegen  0.1/turn               o - ring of wizardry

@: no status effects
A: mutation resistance 1
a: no special abilities


You were on level 4 of the Dungeon.
You were not hungry.

You visited 1 branch of the dungeon, and saw 4 of its levels.

You collected 118 gold pieces.

Inventory:

Hand Weapons
 a - a +0 whip of pain (weapon)
 k - a +0 spear
 u - a +0 short sword of speed
Armour
 r - a +0 robe (worn)
Jewellery
 e - a ring of poison resistance (left hand)
 o - a ring of wizardry (right hand)
Scrolls
 d - 2 scrolls of remove curse {unknown}
 f - 3 scrolls of fog {unknown}
 i - 2 scrolls of identify {unknown}
 j - 2 scrolls of teleportation {unknown}
 p - a scroll of random uselessness {unknown}
 x - a scroll of magic mapping {unknown}
 B - a scroll of enchant weapon {unknown}
Potions
 l - a potion of might {unknown}
 n - a potion of lignification {unknown}
 q - a potion of curing {unknown}
 s - a potion of resistance {unknown}
 v - 2 potions of mutation {unknown}
 w - 3 potions of heal wounds {unknown}
 A - a potion of flight {unknown}
Books
 b - a book of Air

   Spells                             Type                      Level
   a - Shock                          Conjuration/Air              1
   b - Swiftness                      Charms/Air                   2
   c - Static Discharge               Conjuration/Air              3
   d - Airstrike                      Air                          4
   e - Lightning Bolt                 Conjuration/Air              5
 m - a book of Cantrips

   Spells                             Type                      Level
   a - Confusing Touch                Hexes                        1
   b - Animate Skeleton               Necromancy                   1
   c - Summon Small Mammal            Summoning                    1
   d - Apportation                    Translocation                1
Comestibles
 c - 2 bread rations
 g - a royal jelly
 h - 3 meat rations
 t - 6 fruits
 z - a chunk of flesh


   Skills:
 - Level 3.0 Fighting
 + Level 1.3 Maces & Flails
 - Level 2.1 Dodging
 - Level 2.1 Stealth
 - Level 1.5 Spellcasting
 - Level 0.7 Conjurations
 + Level 0.8 Necromancy
 - Level 3.0 Air Magic


You had 4 spell levels left.
You knew the following spells:

 Your Spells              Type           Power        Failure   Level  Hunger
a - Shock                 Conj/Air       #...         4%          1    ##.....
b - Animate Skeleton      Necr           N/A          8%          1    ##.....


Dungeon Overview and Level Annotations

Branches:
Dungeon (4/15)
 Temple: D:4-7

Altars:
Uskayaw

Annotations:
D:4 exclusion: hungry ghost


Innate Abilities, Weirdness & Mutations

You are small and have problems with some larger weapons.
You are somewhat resistant to further mutation.


Message History

The magic dart hits something.
Unknown command.
Unknown command.
You completely miss the orc. The orc hits you. Something barely misses you.
Something completely misses you.
Unknown command.
You barely miss the orc wizard. The orc hits you with a hand axe!
Unknown command.
You are too injured to fight recklessly!
Unknown command.
You are too injured to fight recklessly!
Unknown command.
You are too injured to fight recklessly!
Unknown command.
You barely miss the orc.
The orc priest mumbles some strange prayers to Beogh against you.
Beogh smites you!
* * * LOW HITPOINT WARNING * * *
The orc hits you with a hand axe.
You die...

###.
#...#########
...#.......#
..o##.........#
..............#
#.......#
#.......#
#a#.#..oo...#
#....oo@....#
##.#........# #
#.######## ...
#... ..... ####


You could see a worker ant (wandering), an orc priest, an orc wizard and 2 orcs.

Vanquished Creatures
  3 adders
  An ooze (D:1)
  2 worms (D:2)
  2 dart slugs (D:2)
  2 orcs
  A giant cockroach (D:2)
  4 goblins
  5 hobgoblins
  6 jackals
  10 kobolds
  2 quokkas (D:3)
  A ball python (D:3)
  7 bats
  2 frilled lizards
  3 rats
51 creatures vanquished.

Notes
Turn   | Place    | Note
-------+----------+-------------------------------------------
     0 | D:1      | removed the Halfling Air Elementalist began the quest for the Orb.
     0 | D:1      | Reached XP level 1. HP: 11/11 MP: 3/3
    98 | D:1      | Reached skill level 1 in Fighting
   305 | D:1      | Reached XP level 2. HP: 18/18 MP: 0/4
   676 | D:1      | Reached XP level 3. HP: 16/24 MP: 5/5
  1341 | D:2      | Reached XP level 4. HP: 8/30 MP: 0/6
  1656 | D:2      | Found a hide-covered altar of Uskayaw.
  1689 | D:2      | Learned a level 1 spell: Animate Skeleton
  2303 | D:3      | Reached skill level 1 in Maces & Flails
  2847 | D:4      | Noticed a hungry ghost
  2904 | D:4      | HP: 1/31 [orc priest/divine providence (10)]
  2904 | D:4      | Slain by an orc

Skill      XL: |  1  2  3  4 |
---------------+-------------+-----
Fighting       | 1 2 3 |  3.0
Maces & Flails | 1 |  1.3
Dodging        | |  2.1
Stealth        | |  2.1
Spellcasting   | |  1.5
Conjurations   | |  0.7
Necromancy     | |  0.8
Air Magic      | |  3.0

Action                   |  1- 3 |  4- 6 || total
-------------------------+-------+-------++-------
Melee: Unarmed           |    11 |       ||    11
       Spear             |   102 |     8 ||   110
       Whip              |       |    84 ||    84
       Short sword       |       |    17 ||    17
 Cast: Shock             |    20 |       ||    20
 Stab: Sleeping          |     3 |     5 ||     8
  Eat: Chunk             |     2 |     5 ||     7
Armor: Robe              |    20 |    14 ||    34
Dodge: Dodged            |    83 |    91 ||   174
